 Dungeon Crawl Stone Soup version 0.28-b1-25-g9875b3fc8c (webtiles) character file.

Game seed: 9116714727646404134

3510 pkoi the Archer (level 9, -3/82 HPs)
             Began as a Minotaur Hunter on Feb 2, 2022.
             Was a Believer of Dithmenos.
             Slain by a yak (11 damage)
             ... on level 8 of the Dungeon.
             The game lasted 00:09:40 (7985 turns).

pkoi the Archer (Minotaur Hunter)                   Turns: 7985, Time: 00:09:41

Health: -3/82      AC: 13    Str: 32 (33) XL:     9   Next: 81%
Magic:  8/8        EV: 10    Int: 14      God:    Dithmenos [**....]
Gold:   593        SH:  5    Dex: 14      Spells: 8/8 levels left

rFire   . . .      SeeInvis .   b - +10 trident of Doom {holy, *Noise Int+6}
rCold   . . .      Faith    .   (no shield)
rNeg    . . .      Spirit   .   D - +1 chain mail of Ziaph {Str+3 Int+2 Stlth+}
rPois   .          Reflect  +   (helmet restricted)
rElec   .          Harm     .   t - +0 cloak
rCorr   .          Rampage  .   (no gloves)
Will    .....      Clarity  +   p - +1 pair of boots
Stlth   ++........              E - amulet of reflection
HPRegen 0.23/turn               n - +6 ring of strength
MPRegen 0.11/turn               r - +6 ring of strength

@: wreathed by umbra
A: horns 2, retaliatory headbutt, clarity, deterioration 1, dopey 1, robust 1
a: Renounce Religion, Shadow Step


You were on level 8 of the Dungeon.
You worshipped Dithmenos.
Dithmenos was pleased with you.
You visited 2 branches of the dungeon, and saw 9 of its levels.
You also visited: Ossuary.

You collected 593 gold pieces.

Inventory:

Hand Weapons
 a - a +0 longbow
 b - the +10 trident of Doom (weapon) {holy, *Noise Int+6}
   (You found it on level 7 of the Dungeon)

   It has been blessed by the Shining One to cause great damage to the undead
   and demons.
   Int:       It affects your intelligence (+6).
   *Noise:    It may make noises in combat.
 q - a +2 shortbow of chaos
Missiles
 d - 151 arrows
 m - 26 poisoned darts (quivered)
 M - a throwing net
 N - a curare-tipped dart
Armour
 p - a +1 pair of boots (worn)
 t - a +0 cloak (worn)
 D - the +1 chain mail of Ziaph (worn) {Str+3 Int+2 Stlth+}
   (You found it on level 7 of the Dungeon)

   Str:       It affects your strength (+3).
   Int:       It affects your intelligence (+2).
   Stlth:     It makes you more stealthy.
 I - the +1 plate armour of Charity {Slay+2}
   (You found it on level 7 of the Dungeon)

   Slay:      It affects your accuracy & damage with ranged weapons and melee
   (+2).
Jewellery
 k - a ring of ice
 n - a +6 ring of strength (left hand)
 r - a +6 ring of strength (right hand)
 x - an amulet of regeneration
 E - an amulet of reflection (around neck)
 K - a ring of see invisible
 L - an amulet of the acrobat
 S - a ring of positive energy
Wands
 w - a wand of paralysis (15)
 A - a wand of polymorph (7)
 J - a wand of iceblast (3)
 P - a wand of charming (5)
Scrolls
 c - a scroll of silence {unknown}
 f - 2 scrolls of magic mapping
 o - 5 scrolls of teleportation
 s - 3 scrolls of enchant armour
 u - 4 scrolls of fear
 v - a scroll of blinking
 y - a scroll of brand weapon
 F - 3 scrolls of identify
Potions
 e - a potion of ambrosia
 g - a potion of invisibility {unknown}
 h - a potion of magic {unknown}
 i - 2 potions of mutation
 j - 3 potions of haste {unknown}
 l - a potion of might {unknown}
 z - 3 potions of resistance {unknown}
 B - a potion of attraction
 C - a potion of brilliance {unknown}
 H - a potion of berserk rage {unknown}
 Q - a potion of curing {unknown}
 R - 3 potions of degeneration {unknown}


   Skills:
 + Level 5.7 Fighting
 * Level 12.1 Bows
 + Level 4.2 Armour
 - Level 3.2 Dodging
 + Level 6.6 Stealth


You had 8 spell levels left.
You didn't know any spells.
Your spell library contained the following spells:

 Spells                   Type           Power      Damage    Failure   Level
 Dazzling Flash           Conj/Hex       0%         N/A       98%         3
 Tukima's Dance           Hex            0%         N/A       98%         3
 Iskenderun's Mystic Bla  Conj/Tloc      0%         2d3       100%        4
 Passage of Golubria      Tloc           0%         N/A       100%        4
 Yara's Violent Unravell  Hex/Tmut       0%         3d3       100%        5
 Starburst                Conj/Fire      0%         6d3       100%        6


Dungeon Overview and Level Annotations

Branches:
Dungeon (8/15)             Temple (1/1) D:4         Ossuary (visited)
   Lair: D:8-11

Altars:
Cheibriados
Dithmenos
Elyvilon
Gozag
Hepliaklqana
Kikubaaqudgha
Makhleb
Nemelex Xobeh
Okawaru
Ru
Sif Muna
Trog
Uskayaw
Vehumet
Wu Jian
Xom
Yredelemnul
Zin
The Shining One

Annotations:
D:4 Pikel


Innate Abilities, Weirdness & Mutations

You have a pair of horns on your head.
You reflexively headbutt those who attack you in melee.
You possess an exceptional clarity of mind.
Your body sometimes deteriorates upon taking damage.
You are dopey. (Int -2)
You are robust. (+10% HP)


Message History

Unknown command.
You shoot an arrow. The arrow hits the yak!!
You kill the yak!
Dithmenos accepts your kill. The yak gores you!
You shoot an arrow.
The arrow hits the yak but does no damage.
The yak is moderately wounded.
The yak gores you! The yak misses you. You furiously retaliate!
You headbutt the yak, but do no damage. The yak gores you.
You are too injured to fight recklessly!
Unknown command.
You are too injured to fight recklessly!
You are too injured to fight recklessly!
Unknown command.
You feel clever.
The +10 trident of Doom {holy, *Noise Int+6} softly glows with a divine radiance!
b - the +10 trident of Doom (weapon)
{holy, *Noise Int+6} The yak gores you.
You hit the yak. You headbutt the yak, but do no damage.
The yak is lightly wounded.
The yak gores you!
Your body deteriorates!
You feel weakened. The yak gores you!
* * * LOW HITPOINT WARNING * * *
You puncture the yak! You headbutt the yak!
The yak is severely wounded.
The yak gores you but does no damage. x2
Unknown command.
You hit the yak.
The yak is lightly wounded.
You block the yak's attack. The yak gores you.
* * * LOW HITPOINT WARNING * * *
You block the yak's attack. The yak gores you.
* * * LOW HITPOINT WARNING * * *
Unknown command.
You hit the yak. You headbutt the yak!
The yak is heavily wounded.
The yak gores you!
You die...

#.#.#.# #....#.#.......Y..#
......###.##.#.#K#........#
#.##.........#.#Y#........#
...#....#.#..#.#Y#....)...#
.#...##.#.#..#.#Y#........#
...#.##.#.#..#.#Y#........#
#.##.<#.#.#..#.#Y##+.####.#
#.#...#.#.#..#.#Y##..# #..#
#.#...#.#.####.#@##.####.####.#
#.#...#.#......#YYK...........#
#.##..#.###########.####.######
...#.##.# #.# ##.#
.#...##.###########.###..#######
...#..............(.............
#.#################.##..########
### #.##.## #.#..#


You could see 8 yaks and 2 kobolds.

Vanquished Creatures
  6 yaks (D:8)
  An acid dragon (D:5)
  3 water moccasins
  2 ice beasts
  A black bear (D:5)
  A centaur (D:5)
  2 ogres
  A lemure (D:3)
  A kobold brigand (D:7)
  3 elf zombies (Ossuary)
  A scorpion (D:5)
  A water moccasin zombie (D:5)
  4 wights (D:7)
  A howler monkey (D:4)
  An electric eel (D:8)
  3 centaur zombies
  2 bullfrog zombies
  A hound (D:5)
  A jelly (D:4)
  5 orc priests (D:5)
  A centaur skeleton (D:6)
  A gnoll shaman (D:5)
  2 human zombies (Ossuary)
  Natasha (twice) (D:4)
  3 iguanas
  2 scorpion zombies (D:5)
  2 killer bee zombies
  4 hound zombies (Ossuary)
  3 mummies (Ossuary)
  2 howler monkey skeletons
  5 gnolls (D:5)
  6 adders
  A white imp (D:7)
  2 ufetubi (D:6)
  8 adder zombies
  A worm (D:3)
  4 dart slugs
  7 orcs
  6 endoplasms
  A giant cockroach (D:4)
  7 hobgoblins
  19 kobolds
  5 quokkas
  6 ball pythons
  9 bats
  5 frilled lizards
  A gnoll zombie (Ossuary)
  6 goblins
  3 goblin zombies (Ossuary)
  2 hobgoblin zombies (Ossuary)
  4 jackal zombies (Ossuary)
  3 kobold zombies (Ossuary)
  3 quokka zombies (Ossuary)
  3 rats
  2 rat zombies (Ossuary)
182 creatures vanquished.

Vanquished Creatures (others)
  A kobold brigand (D:8)
1 creature vanquished.

Grand Total: 183 creatures vanquished

Notes
Turn   | Place    | Note
-------+----------+-------------------------------------------
     0 | D:1      | pkoi the Minotaur Hunter began the quest for the Orb.
     0 | D:1      | Reached XP level 1. HP: 18/18 MP: 0/0
    73 | D:1      | Reached skill level 1 in Stealth
   313 | D:1      | Reached XP level 2. HP: 24/25 MP: 1/1
   499 | D:1      | Found a faded altar of an unknown god.
   586 | D:1      | Reached skill level 5 in Bows
   892 | D:1      | Reached XP level 3. HP: 30/30 MP: 2/2
  1936 | D:2      | Reached XP level 4. HP: 36/37 MP: 3/3
  2408 | D:3      | Reached skill level 6 in Bows
  2639 | D:3      | Reached XP level 5. HP: 26/42 MP: 4/4
  3124 | D:4      | Noticed Natasha
  3139 | D:4      | Killed Natasha
  3164 | D:4      | Gained mutation: You possess an exceptional clarity of
                  | mind. [potion of mutation]
  3164 | D:4      | Gained mutation: You are dopey. (Int -2) [potion of
                  | mutation]
  3164 | D:4      | Gained mutation: Your body sometimes deteriorates upon
                  | taking damage. [potion of mutation]
  3164 | D:4      | Gained mutation: You are robust. (+10% HP) [potion of
                  | mutation]
  3285 | D:4      | Reached skill level 7 in Bows
  3290 | D:4      | Reached XP level 6. HP: 55/55 MP: 5/5
  3349 | D:4      | Noticed Natasha
  3351 | D:4      | Killed Natasha
  3520 | D:4      | Noticed Pikel
  3589 | D:4      | Found a shadowy altar of Dithmenos.
  3598 | D:4      | Became a worshipper of Dithmenos the Shadowed
  3730 | D:4      | Found a staircase to the Ecumenical Temple.
  3748 | Temple   | Entered the Ecumenical Temple
  3993 | D:5      | Entered Level 5 of the Dungeon
  4054 | D:5      | Found a shimmering altar of Xom.
  4338 | D:5      | Reached skill level 8 in Bows
  4338 | D:5      | Reached XP level 7. HP: 61/61 MP: 6/6
  4625 | D:5      | Reached skill level 9 in Bows
  4756 | D:5      | Reached XP level 8. HP: 68/68 MP: 7/7
  4834 | D:5      | Reached skill level 5 in Stealth
  4844 | D:5      | Reached skill level 10 in Bows
  5054 | D:5      | Found a radiant altar of Vehumet.
  5318 | D:6      | Found a hide-covered altar of Uskayaw.
  5354 | D:6      | Found a faded altar of an unknown god.
  5354 | D:6      | Found a sparkling altar of Nemelex Xobeh.
  5360 | D:6      | Found an opulent altar of Gozag.
  5362 | D:6      | Found an iron altar of Okawaru.
  5364 | D:6      | Found a shimmering blue altar of Sif Muna.
  5707 | D:6      | Found a glowing silver altar of Zin.
  5908 | D:7      | Found a burning altar of Makhleb.
  5927 | D:7      | Reached * piety under Dithmenos
  6003 | D:7      | Identified the +1 chain mail of Ziaph {Str+3 Int+2 Stlth+}
  6052 | D:7      | Reached skill level 1 in Armour
  6185 | D:7      | Identified the +1 plate armour of Charity {Slay+2}
  6522 | D:7      | Identified the +10 trident of Doom {holy, *Noise Int+6}
  6841 | D:7      | Reached XP level 9. HP: 66/78 MP: 8/8
  7302 | D:8      | Reached skill level 11 in Bows
  7446 | D:8      | Found a sand-covered staircase.
  7458 | Ossuary  | Entered an ossuary
  7523 | Ossuary  | Reached ** piety under Dithmenos
  7741 | Ossuary  | Reached skill level 5 in Fighting
  7974 | D:8      | Reached skill level 12 in Bows
  7985 | D:8      | Slain by a yak

Illustrated notes

Levels and vault maps discovered:
D:1:      dpeg_arrival_oval, layout_basic,
          shapermc_ecumenical_altar_totnotflames,
          chequers_serial_rivers_small_3, st_stairs_14
D:2:      layout_basic
D:3:      layout_rooms
D:4:      layout_loops_ring, kennysheep_mini_moat,
          minmay_temple_entry_offerings, uniq_natasha, uniq_pikel
D:5:      layout_loops_corners, mainiacjoe_overflow_alcove_4,
          nicolae_overflow_crystal_walls
D:6:      layout_gridville, chequers_temple_overflow_minitemple,
          mainiacjoe_overflow_alcove_1, lemuel_crystal_altar
D:7:      layout_basic, nicolae_overflow_hidden_temple
D:8:      argonaut_augean_stables, layout_basic, enter_ossuary_1,
          minmay_misc_feat_tower, lemuel_flame_loot_1
Temple:   nicolae_temple_figure_zero

Skill      XL: |  1  2  3  4  5  6  7  8  9 |
---------------+----------------------------+-----
Stealth        | 1 2 3 4 5 6 |  6.6
Bows           | 5 6 7 8 9 10 12 | 12.1
Fighting       | 4 5 |  5.7
Dodging        | 3 |  3.2
Armour         | 1 4 |  4.2

Action                   |  1- 3 |  4- 6 |  7- 9 || total
-------------------------+-------+-------+-------++-------
Melee: Short sword       |    21 |       |       ||    21
       Headbutt          |    17 |    16 |     3 ||    36
       Dagger            |    66 |    69 |       ||   135
       Punch             |     1 |     1 |       ||     2
       Trident           |       |       |     4 ||     4
 Fire: Shortbow          |     2 |    38 |   242 ||   282
       Longbow           |       |       |   120 ||   120
  Use: Scroll            |     3 |     4 |     7 ||    14
       Potion            |       |     2 |       ||     2
 Stab: Sleeping          |     1 |       |       ||     1
       Distracted        |     1 |       |       ||     1
Armor: Leather armour    |    23 |    14 |     8 ||    45
       Chain mail        |       |       |    27 ||    27
Dodge: Dodged            |    67 |    43 |    64 ||   174
Block: Other             |       |       |    20 ||    20
       Reflection        |       |       |     3 ||     3
